 Dungeon Crawl Stone Soup version 0.19-a0 (webtiles) character file.

149 Loki the Ruffian (level 5, 0/48 HPs)
             Began as a Troll Warper on Apr 27, 2016.
             Was a Follower of Cheibriados.
             Slain by a slave (2 damage)
             ... led by Pikel
             ... on level 5 of the Dungeon.
             The game lasted 00:08:00 (847 turns).

Loki the Ruffian (Troll Warper)                      Turns: 847, Time: 00:08:01

Health: 0/48       AC:  5    Str: 21    XL:     5   Next: 9%
Magic:  5/5        EV: 10    Int: 12    God:    Cheibriados [*.....]
Gold:   88         SH:  0    Dex: 11    Spells: 1 memorised, 5 levels left

rFire  . . .     SeeInvis .       - Unarmed
rCold  . . .     Gourm    +     a - +0 robe
rNeg   . . .     Faith    .     (no shield)
rPois  .         Spirit   .     (helmet restricted)
rElec  .         Dismiss  .     (no cloak)
rCorr  .         Reflect  .     (gloves unavailable)
SustAt .         Harm     .     (boots unavailable)
MR     .....                    (no amulet)
Stlth  +.........               (no ring)
                                (no ring)

@: hasted, quick, not resistant to hostile enchantments, very unstealthy
A: unfitting armour, claws 3, fast metabolism 3, gourmand, regeneration 2,
shaggy fur 1, tough skin 2
a: Bend Time, Renounce Religion


You were on level 5 of the Dungeon.
You worshipped Cheibriados.
Cheibriados was aware of your devotion.
You were very full.

You visited 1 branch of the dungeon, and saw 5 of its levels.

You collected 88 gold pieces.

Inventory:

Missiles
 d - 5 tomahawks of dispersal (quivered)
Armour
 a - a +0 robe (worn)
Scrolls
 c - 2 scrolls of blinking
 g - 2 scrolls of enchant weapon {unknown}
 h - 2 scrolls of noise {unknown}
 i - 2 scrolls of amnesia
 j - 2 scrolls of remove curse {unknown}
 l - 3 scrolls of teleportation {unknown}
 n - 5 scrolls of identify {unknown}
Potions
 m - a potion of magic {unknown}
 o - a potion of mutation {unknown}
Books
 b - a book of Spatial Translocations

   Spells                             Type                      Level
   a - Apportation                    Translocation                1
   b - Blink                          Translocation                2
   c - Shroud of Golubria             Charms/Translocation         2
   d - Portal Projectile              Translocation                3
   e - Teleport Other                 Translocation                3
   f - Passage of Golubria            Translocation                4
 p - a Fen Folio

   Spells                             Type                      Level
   a - Corpse Rot                     Necromancy                   2
   b - Stone Arrow                    Conjuration/Earth            3
   c - Leda's Liquefaction            Hexes/Earth                  4
   d - Summon Forest                  Summoning/Translocation      5
   e - Hydra Form                     Transmutation                6
   f - Summon Hydra                   Summoning                    7
Comestibles
 f - 6 bread rations
 q - a meat ration


   Skills:
 - Level 1.5 Fighting
 - Level 0.8 Throwing
 - Level 1.9 Dodging
 + Level 5.3 Unarmed Combat
 - Level 1.2 Spellcasting
 - Level 2.1 Translocations


You had 5 spell levels left.
You knew the following spells:

 Your Spells              Type           Power        Failure   Level  Hunger
a - Apportation           Tloc           #.........   12%         1    ##.....


Dungeon Overview and Level Annotations

Branches:
Dungeon (5/15)
 Temple: D:4-7

Altars:
Cheibriados

Shops:
D:4 (

Annotations:
D:4 Pikel


Innate Abilities, Weirdness & Mutations

You are too large for most types of armour.
You have claws for hands.
Your metabolism is lightning-fast.
You like to eat raw meat.
You heal very quickly.
You are covered in fur (AC +1).
You have very tough skin (AC +2).


Message History

The slave hits you but does no damage. The slave closely misses you.
There is a stone staircase leading down here.
The slave hits you.
You climb downwards.
The slave hits you.
* * * LOW HITPOINT WARNING * * *
There is a stone staircase leading up, spattered with blood here.
You claw the slave!
The slave is heavily wounded.
The slave hits you.
* * * LOW HITPOINT WARNING * * *
The slave hits you.
* * * LOW HITPOINT WARNING * * *
Unknown command.
Okay, then.
Drink which item? (? for menu, Esc to quit)
It was a potion of haste.
You feel yourself speed up.
Cheibriados forgives your accidental hurry, just this once.
The slave hits you.
You die...

. +#....#
.......+
.......#
'..(...#
######......#
#...........#
#.#p#.......#
#.#@p.......#
#.####......#
#ppp.'......#
######.....(#
########


You could see 2 slaves.

Vanquished Creatures
  A giant frog (D:3)
  Ijyb (D:3)
  2 adders
  2 worms
  3 giant geckos
  2 giant cockroaches
  3 goblins
  3 hobgoblins
  7 jackals
  5 kobolds
  A ball python (D:1)
  A bat (D:3)
  3 giant newts
  2 rats (D:2)
36 creatures vanquished.

Notes
Turn   | Place    | Note
--------------------------------------------------------------
     0 | D:1      | Loki the Troll Warper began the quest for the Orb.
     0 | D:1      | Reached XP level 1. HP: 19/19 MP: 1/1
   103 | D:2      | Reached XP level 2. HP: 9/27 MP: 2/2
   121 | D:2      | Found a snail-covered altar of Cheibriados.
   140 | D:2      | Became a worshipper of Cheibriados the Contemplative
   160 | D:2      | Reached skill level 3 in Unarmed Combat
   321 | D:3      | Noticed Ijyb
   338 | D:3      | Killed Ijyb
   338 | D:3      | Reached skill level 4 in Unarmed Combat
   338 | D:3      | Reached XP level 3. HP: 21/33 MP: 3/3
   341 | D:3      | Reached * piety under Cheibriados
   371 | D:3      | Noticed a giant frog
   384 | D:3      | Killed a giant frog
   384 | D:3      | Reached skill level 5 in Unarmed Combat
   384 | D:3      | Reached XP level 4. HP: 31/41 MP: 4/4
   457 | D:2      | Reached XP level 5. HP: 48/48 MP: 5/5
   557 | D:4      | Found Wauqazy's Weapon Shop.
   569 | D:5      | Entered Level 5 of the Dungeon
   569 | D:5      | Noticed Pikel
   569 | D:5      | Noticed a slave
   569 | D:5      | Noticed a slave
   569 | D:5      | Noticed a slave
   570 | D:5      | Noticed a slave
   846 | D:5      | HP: 2/48 [slave[Pikel] (4)]
   847 | D:5      | Slain by a slave

Vault maps used:
D:1:      minmay_arrival_nine_rooms
D:2:      cheibriados_altar_1
D:3:      uniq_iyjb
D:4:      serial_shops, nicolae_shop_competitors_out_of_business, first_bread,
          minmay_misc_feat_room
D:5:      okawaru_ov_weapons_minmay, serial_shops, nicolae_shop_behind_doors,
          kennysheep_mini_moat, bloody_makhleb, uniq_pikel

Skill      XL: |  1  2  3 |
---------------+----------+-----
Unarmed Combat | 4 5 |  5.3
Fighting       | |  1.5
Throwing       | |  0.8
Dodging        | |  1.9
Spellcasting   | |  1.2
Translocations | |  2.1

Action                   |  1- 3 |  4- 6 || total
-------------------------+-------+-------++-------
Melee: Unarmed           |    92 |    31 ||   123
       Punch             |     1 |     1 ||     2
Invok: Bend Time         |       |     1 ||     1
  Use: Scroll            |     1 |       ||     1
       Potion            |       |     2 ||     2
  Eat: Chunk             |     7 |       ||     7
       Pizza             |     1 |       ||     1
       Beef jerky        |       |     1 ||     1
Armor: Robe              |    58 |    20 ||    78
       Skin              |       |     4 ||     4
Dodge: Dodged            |    83 |    47 ||   130
